 Dungeon Crawl Stone Soup version 0.23-a0-565-g3e74e4c (webtiles) character file.

357 Leeroy the Charmwright (level 6, -2/47 HPs)
             Began as a Merfolk Skald on Dec 13, 2018.
             Slain by a mummy (18 damage)
             ... in an ossuary.
             The game lasted 00:19:29 (3410 turns).

Leeroy the Charmwright (Merfolk Skald)              Turns: 3410, Time: 00:19:30

Health: -2/47      AC:  5    Str: 11 (14) XL:     6   Next: 64%
Magic:  2/10       EV: 17    Int: 11 (12) God:
Gold:   158        SH:  0    Dex: 16 (18) Spells: 1/10 levels left

rFire    . . .     SeeInvis .   x - +0 rapier
rCold    . . .     Gourm    .   (no shield)
rNeg     . . .     Faith    .   s - +0 ring mail
rPois    .         Spirit   .   (no helmet)
rElec    .         Reflect  .   (no cloak)
rCorr    .         Harm     .   (no gloves)
MR       .....                  (no boots)
Stlth    ++........             (no amulet)
HPRegen  0.15/turn              (no ring)
MPRegen  0.12/turn              (no ring)

@: agile, very slightly contaminated, hasted, very quick
A: change form in water, swift swim, stealthy swim
a: no special abilities


You were in an ossuary.
You were not hungry.

You visited 1 branch of the dungeon, and saw 4 of its levels.
You also visited: Ossuary.

You collected 158 gold pieces.

Inventory:

Hand Weapons
 a - a +0 falchion
 c - a +0 spear
 g - a +1 whip of distortion
 h - a cursed +0 short sword
 o - a +0 hand axe
 p - a +0 short sword
 r - a +0 spear
 x - a +0 rapier (weapon)
Missiles
 e - 9 stones (quivered)
 j - 3 poisoned needles
 k - 19 bolts
 u - 10 arrows
 z - 16 sling bullets
Armour
 b - a +0 leather armour
 s - a +0 ring mail (worn)
 E - a +0 scale mail
Jewellery
 m - a +4 ring of intelligence {unknown}
 v - an uncursed ring of flight {unknown}
 A - an uncursed amulet of the gourmand {unknown}
 D - a +4 ring of slaying {unknown}
 F - an uncursed ring of protection from fire {unknown}
Scrolls
 f - a scroll of identify
 n - a scroll of teleportation {unknown}
 q - a scroll of enchant weapon {unknown}
 t - 2 scrolls of amnesia
 y - a scroll of fog
 B - a scroll of fear {unknown}
 I - a scroll of noise
Potions
 i - 2 potions of haste
 l - a potion of curing
 C - a potion of lignification {unknown}
 G - 3 potions of degeneration
 H - a potion of agility
Comestibles
 d - 5 rations


   Skills:
 + Level 3.3 Fighting
 * Level 2.6(3.8) Short Blades
 - Level 3.9(4.2) Long Blades
 + Level 2.6 Polearms
 - Level 0.6 Armour
 * Level 3.5 Dodging
 * Level 2.0 Stealth
 * Level 2.7 Spellcasting
 * Level 4.1 Charms
 + Level 0.1 Summonings


You had one spell level left.
You knew the following spells:

 Your Spells              Type           Power        Failure   Level  Hunger
a - Infusion              Chrm           ##..         12%         1    ##.....
b - Song of Slaying       Chrm           ##......     19%         2    ###....
c - Shroud of Golubria    Chrm/Tloc      #.........   38%         2    ###....
d - Spectral Weapon       Hex/Chrm       #.......     63%         3    ####...
e - Summon Small Mammal   Summ           #...         54%         1    ##.....

Your spell library contained the following spells:

 Spells                   Type           Power        Failure   Level  Hunger
 Animate Skeleton         Necr           N/A          54%         1    ##.....
 Apportation              Tloc           #.....       54%         1    ##.....
 Confusing Touch          Hex            #.....       54%         1    ##.....
 Regeneration             Chrm/Necr      #.........   63%         3    ####...


Dungeon Overview and Level Annotations

Branches:
Dungeon (4/15)
 Temple: D:4-7

Altars:
Cheibriados
Dithmenos
Ru
Vehumet
Zin
The Shining One

Annotations:
D:3 1 runed door, Nr616's ghost, amateur MiFi


Message History

It was a potion of agility.
You feel agile all of a sudden.
Your rat bites the mummy but does no damage.
The elf zombie hits you. The mummy misses you.
You hit the elf zombie.
The elf zombie is severely damaged.
Your rat bites the mummy but does no damage.
You puncture the elf zombie!
The elf zombie is almost destroyed.
The elf zombie misses you.
You hit the elf zombie but do no damage.
The elf zombie is almost destroyed.
Your rat barely misses the mummy.
The mummy misses you.
You hit the elf zombie but do no damage.
The elf zombie is almost destroyed.
The elf zombie misses you.
Your rat bites the mummy.
You closely miss the elf zombie.
The elf zombie is almost destroyed.
The mummy hits you!!
You die...

#.M.####'........#...#
#...#.....∩.######...#
#...#.......# ..#...#
#...#.......# #.#...#
#...#.......####.#(..#
#...#.......ZZZ.M#...#
#...#.####..####.#...#
#...#.#..#.(#rM#§#...#
#...#....#ZZ#@ZZZ#...#
#...######..######...#
#.....Z..............#
#........8..8........#
#....................#
#..............(.....#
######################


You could see a mummy, a big kobold zombie, an elf zombie, a human zombie
(wandering) and a friendly rat.

Vanquished Creatures
  An elf zombie (Ossuary)
  A centaur zombie (Ossuary)
  2 human zombies (Ossuary)
  A hound (D:4)
  An iguana (D:4)
  2 mummies
  4 adders
  An ooze (D:1)
  A worm (D:2)
  2 dart slugs (D:1)
  3 leopard geckos
  An orc (D:3)
  4 giant cockroaches
  3 goblins
  9 hobgoblins
  3 jackals (D:2)
  2 quokkas (D:2)
  5 bats
  2 frilled lizards (D:3)
  A goblin zombie (Ossuary)
  12 hobgoblin zombies
  A jackal zombie (Ossuary)
  4 kobolds (D:1)
  12 kobold zombies (Ossuary)
  4 orc zombies
  A quokka skeleton (D:4)
  2 rats (D:1)
85 creatures vanquished.

Vanquished Creatures (collateral kills)
  A hobgoblin zombie (Ossuary)
  An orc zombie (Ossuary)
2 creatures vanquished.

Grand Total: 87 creatures vanquished

Notes
Turn   | Place    | Note
-------+----------+-------------------------------------------
     0 | D:1      | Leeroy the Merfolk Skald began the quest for the Orb.
     0 | D:1      | Reached XP level 1. HP: 16/16 MP: 3/3
    39 | D:1      | Reached XP level 2. HP: 6/22 MP: 5/5
    43 | D:1      | Learned a level 2 spell: Song of Slaying
    46 | D:1      | Learned a level 2 spell: Shroud of Golubria
   666 | D:1      | Reached XP level 3. HP: 18/27 MP: 6/6
  1391 | D:2      | Reached XP level 4. HP: 24/34 MP: 7/7
  1861 | D:3      | Found a shadowy altar of Dithmenos.
  1937 | D:3      | Found a glowing silver altar of Zin.
  1962 | D:3      | Reached skill level 1 in Stealth
  1990 | D:3      | Found a shadowy altar of Dithmenos.
  1991 | D:3      | Found a sacrificial altar of Ru.
  2016 | D:3      | Found a runed door.
  2043 | D:3      | Found a glowing golden altar of the Shining One.
  2053 | D:3      | Found a snail-covered altar of Cheibriados.
  2066 | D:3      | Found a radiant altar of Vehumet.
  2189 | D:3      | Noticed Nr616's ghost (amateur MiFi)
  2293 | D:4      | Reached XP level 5. HP: 30/39 MP: 8/8
  2300 | D:4      | Reached skill level 1 in Short Blades
  2400 | D:4      | Found a sand-covered staircase.
  2414 | Ossuary  | Entered an ossuary
  2420 | Ossuary  | Learned a level 3 spell: Spectral Weapon
  2422 | Ossuary  | Learned a level 1 spell: Summon Small Mammal
  2870 | Ossuary  | Reached skill level 4 in Charms
  2870 | Ossuary  | Reached XP level 6. HP: 30/47 MP: 4/9
  2931 | Ossuary  | Reached skill level 1 in Polearms
  3388 | Ossuary  | HP: 2/47 [mummy (10)]
  3410 | Ossuary  | Slain by a mummy

Vault maps used:
D:1:      sevenhm_arrival_forest_fort_small_3
D:3:      chequers_temple_overflow_statue_of_worship,
          grunt_temple_overflow_open, ebering_ghost_sewer_d,
          grunt_dithmenos_smoke_and_mirrors
D:4:      grunt_temple_overflow_growth_and_decay, nicolae_ossuary_entry_giza,
          first_ration
Ossuary:  ossuary_tomb_1

Skill      XL: |  1  2  3  4  5  6 |
---------------+-------------------+-----
Dodging        | 3 |  3.5
Long Blades    | 3 |  3.9
Stealth        | 1 2 |  2.0
Short Blades   | 1 2 |  2.6
Fighting       | 3 |  3.3
Charms         | 4 |  4.1
Polearms       | 2 |  2.6
Armour         | |  0.6
Spellcasting   | |  2.7
Summonings     | |  0.1

Action                   |  1- 3 |  4- 6 || total
-------------------------+-------+-------++-------
Melee: Falchion          |   103 |    27 ||   130
       Rapier            |       |   199 ||   199
       Spear             |       |    56 ||    56
Throw: Stone             |     1 |    37 ||    38
 Cast: Summon Small Mamm |       |     9 ||     9
       Spectral Weapon   |       |     3 ||     3
       Infusion          |       |     1 ||     1
       Shroud of Golubri |       |     2 ||     2
       Song of Slaying   |       |     1 ||     1
  Use: Scroll            |     2 |     3 ||     5
       Potion            |       |     8 ||     8
 Stab: Sleeping          |       |     1 ||     1
       Distracted        |       |     1 ||     1
  Eat: Chunk             |     2 |     2 ||     4
       Ration            |       |     2 ||     2
Armor: Leather armour    |    25 |       ||    25
       Ring mail         |     1 |    80 ||    81
Dodge: Dodged            |    98 |   171 ||   269
       Rpst.: Falchion   |    24 |     8 ||    32

Table legend:
 A = Non-vault XP
 B = Vault XP
 C = Vault XP percentage of total XP
 D = Non-vault monster count
 E = Vault monster count
 F = Vault count percentage of total count
                 A         B        C        D         E       F
            +---------+---------+-------+---------+---------+-------
      Total |     220 |     290 |  56.9 |      49 |      38 |  43.7
            +---------+---------+-------+---------+---------+-------
        D:1 |      46 |       0 |   0.0 |      20 |       0 |   0.0
        D:2 |      56 |       0 |   0.0 |      16 |       0 |   0.0
        D:3 |      38 |       0 |   0.0 |       9 |       0 |   0.0
        D:4 |      80 |      20 |  20.0 |       4 |       3 |  42.9
    Ossuary |       0 |     270 | 100.0 |       0 |      35 | 100.0
            +---------+---------+-------+---------+---------+-------
